 Dungeon Crawl Stone Soup version 0.18-a0-1560-ge216ca8 (webtiles) character file.

237 George the Cleaver (level 6, -14/50 HPs)
             Began as a Hill Orc Gladiator on Mar 12, 2016.
             Demolished by an ogre
             ... wielding a +0 giant club
              (16 damage)
             ... on level 4 of the Dungeon.
             The game lasted 00:05:39 (2938 turns).

George the Cleaver (Hill Orc Gladiator)             Turns: 2938, Time: 00:05:39

Health: -14/50     AC: 12    Str: 20    XL:     6   Next: 6%
Magic:  6/6        EV:  6    Int:  8    God:
Gold:   134        SH:  0    Dex: 11    Spells: 0 memorised, 5 levels left

rFire  . . .     SeeInvis .     a - +0 war axe
rCold  . . .     Gourm    .     z - +0 plate armour
rNeg   . . .     Faith    .     (no shield)
rPois  .         Spirit   .     c - +1 helmet
rElec  .         Dismiss  .     (no cloak)
rCorr  .         Reflect  .     (no gloves)
SustAt .         Harm     .     (no boots)
MR     .....                    (no amulet)
Stlth  ..........               (no ring)
                                (no ring)

@: not resistant to hostile enchantments, extremely unstealthy
A: no striking features
a: no special abilities


You were on level 4 of the Dungeon.
You were hungry.

You visited 1 branch of the dungeon, and saw 4 of its levels.

You collected 134 gold pieces.

Inventory:

Hand Weapons
 a - a +0 war axe (weapon)
Missiles
 d - 3 throwing nets
 n - 5 silver tomahawks (quivered)
Armour
 c - a +1 helmet (worn)
 z - a +0 plate armour (worn)
Wands
 s - a wand of slowing (48/48)
Scrolls
 j - a scroll of teleportation
 q - a scroll of recharging
Potions
 k - 2 potions of flight
 o - a potion of might {unknown}
 p - a potion of invisibility {unknown}
 v - a potion of ambrosia {unknown}
 w - a potion of resistance {unknown}
 C - a potion of degeneration {unknown}
Books
 y - a book of the Sky

   Spells                             Type                      Level
   a - Summon Lightning Spire         Summoning/Air                4
   b - Airstrike                      Air                          4
   c - Silence                        Hexes/Air                    5
   d - Deflect Missiles               Charms/Air                   6
   e - Conjure Ball Lightning         Conjuration/Air              6
   f - Tornado                        Air                          9
Comestibles
 f - 2 bread rations
 i - 3 meat rations
 x - a beef jerky
 D - a slice of pizza


   Skills:
 - Level 2.4 Fighting
 + Level 8.7 Axes
 - Level 1.7 Throwing
 - Level 2.4 Dodging


You had 5 spell levels left.
You didn't know any spells.

Dungeon Overview and Level Annotations

Branches:
Dungeon (4/15)
 Temple: D:4-7

Altars:
Ashenzari
Ru

Annotations:
D:1 dig


Message History

You hit the ogre.
The ogre is almost dead.
The ogre barely misses you. The ogre hits you with a giant club!
* * * LOW HITPOINT WARNING * * *
You closely miss the ogre.
The ogre is almost dead.
Your plate armour prevents you from hitting the ogre.
The ogre is heavily wounded.
The ogre closely misses you.
You slash the ogre!
You kill the ogre!
Your Axes skill increases to level 8!
You have reached level 6!
Your experience leads to an increase in your attributes!
Increase (S)trength, (I)ntelligence, or (D)exterity?
You feel stronger.
You slash the ogre!
The ogre is severely wounded.
The ogre hits you with a giant club!
You die...

#..######.##.#
#. #. #O##.# #.
##.. #.##.# #.
....# ####O##.#
#....##.......#
#......(#####.#
..(.....#
#.######.#
........#
#.)......#
........#
#@########
##...##.#####O#
#............#
##.......#...#
.....##.#...###
###.. #.##.##
#. #.##.# #
#.##.# [.##.#


You could see an ogre.

Vanquished Creatures
  An ogre (D:4)
  Terence (D:2)
  Jessica (D:3)
  A worker ant (D:4)
  A gnoll (D:1)
  3 giant geckos
  8 bats
  7 giant cockroaches
  9 goblins
  6 hobgoblins
  4 jackals (D:2)
  A quokka (D:2)
  A ball python (D:4)
  3 giant newts (D:2)
  6 kobolds
  5 rats
58 creatures vanquished.

Notes
Turn   | Place    | Note
--------------------------------------------------------------
     0 | D:1      | George the Hill Orc Gladiator began the quest for the Orb.
     0 | D:1      | Reached XP level 1. HP: 18/18 MP: 1/1
   179 | D:1      | Reached XP level 2. HP: 20/25 MP: 2/2
   251 | D:1      | Noticed a big kobold
   251 | D:1      | Noticed a big kobold
   251 | D:1      | Noticed a big kobold
   253 | D:1      | Noticed a big kobold
   340 | D:1      | Reached skill level 5 in Axes
   831 | D:1      | Reached XP level 3. HP: 28/30 MP: 3/3
  1255 | D:2      | Found a shattered altar of Ashenzari.
  1346 | D:2      | Reached skill level 6 in Axes
  1497 | D:2      | Reached XP level 4. HP: 32/37 MP: 4/4
  1794 | D:2      | Noticed Terence
  1814 | D:2      | Killed Terence
  2065 | D:3      | Found a sacrificial altar of Ru.
  2173 | D:3      | Noticed Jessica
  2187 | D:3      | Killed Jessica
  2187 | D:3      | Reached skill level 7 in Axes
  2187 | D:3      | Reached XP level 5. HP: 39/42 MP: 5/5
  2765 | D:4      | Noticed an ogre
  2769 | D:4      | Noticed an ogre
  2936 | D:4      | HP: 2/42 [ogre/giant club (9)]
  2938 | D:4      | Killed an ogre
  2938 | D:4      | Reached skill level 8 in Axes
  2938 | D:4      | Reached XP level 6. HP: 2/50 MP: 6/6
  2938 | D:4      | Demolished by an ogre

Vault maps used:
D:1:      erik_arrival_cave_to_civilisation
D:2:      kennysheep_big_flooded_room, nicolae_ashenzari_panopticon,
          uniq_terence
D:3:      first_bread, hangedman_ru_absence, uniq_jessica
D:4:      kennysheep_doodads

Skill      XL: |  1  2  3  4  5 |
---------------+----------------+-----
Axes           | 5 6 7 8 |  8.7
Fighting       | |  2.4
Throwing       | |  1.7
Dodging        | |  2.4

Action                   |  1- 3 |  4- 6 || total
-------------------------+-------+-------++-------
Melee: War axe           |   109 |    86 ||   195
  Use: Scroll            |       |     7 ||     7
       Potion            |       |     1 ||     1
  Eat: Chunk             |     2 |     4 ||     6
